 Dungeon Crawl Stone Soup version 0.31.0-9-g3a7656b989 (webtiles) character file.

Game seed: 3003693886932682986

36462 qw the Spry (level 13, -5/65 HPs)
             Began as a Spriggan Hunter on Feb 2, 2024.
             Was a High Priest of Okawaru.
             Slain by a four-headed hydra (10 damage)
             ... on level 3 of the Lair of Beasts.
             The game lasted 00:01:26 (12009 turns).

qw the Spry (Spriggan Hunter)                      Turns: 12009, Time: 00:01:27

Health: -5/65      AC:  6    Str:  7    XL:     13   Next: 53%
Magic:  22/22      EV: 33    Int: 11    God:    Okawaru [*****.]
Gold:   641        SH:  5    Dex: 23    Spells: 12/12 levels left

rFire   . . .        g - +3 hand cannon (elec)
rCold   + . .        (no shield)
rNeg    . . .        a - +1 steam dragon scales
rPois   .            (helmet restricted)
rElec   .            (no cloak)
rCorr   .            (gloves unavailable)
SInv    +            (boots unavailable)
Will    ++...        h - amulet of reflection
Stlth   ++           l - ring of protection from cold
HPRegen 0.30/turn    (no ring)
MPRegen 0.18/turn

%: reflection
@: about to teleport, very quick
A: very small, no large weapons, unfitting armour, see invisible, speed 3
a: Renounce Religion, Heroism, Finesse, Duel


You were on level 3 of the Lair of Beasts.
You worshipped Okawaru.
Okawaru was extremely pleased with you.
You visited 3 branches of the dungeon, and saw 14 of its levels.
You also visited: Ossuary and Gauntlet.

You collected 833 gold pieces.
You spent 192 gold pieces at shops.


Innate Abilities, Weirdness & Mutations

You are very small and have problems with some larger weapons.
You are too small for most types of armour.
You have supernaturally acute eyesight. (SInv)
You cover ground extremely quickly. (Speed+++)


   Skills:
 - Level 6.0 Fighting
 + Level 15.1 Ranged Weapons
 - Level 1.2 Armour
 - Level 16.0 Dodging
 - Level 1.5 Stealth
 - Level 10.7 Invocations


You had 12 spell levels left.
You didn't know any spells.
Your spell library was empty.

Inventory:

Hand Weapons
 g - a +3 hand cannon of electrocution (weapon)
Armour
 a - +1 steam dragon scales (worn)
 f - a +2 robe of fire resistance
Jewellery
 h - an amulet of reflection (around neck)
 l - a ring of protection from cold (left hand)
Wands
 c - a wand of digging (5)
 k - a wand of polymorph (17)
 m - a wand of light (11)
 o - a wand of roots (5)
Potions
 b - a potion of heal wounds
 d - 3 potions of curing
 e - 2 potions of enlightenment
 i - a potion of magic
 j - a potion of mutation
 n - 2 potions of haste

Dungeon Overview and Level Annotations

Branches:
Dungeon (9/15)             Temple (1/1) D:4            Lair (4/5) D:9
  Swamp (0/4) Lair:3        Snake (0/4) Lair:3      Ossuary (visited)
Gauntlet (visited)
  Slime: Lair:4-5       Orc: D:9-12

Altars:
Ashenzari
Cheibriados
Dithmenos
Elyvilon
Fedhas
Gozag
Hepliaklqana
Kikubaaqudgha
Makhleb
Nemelex Xobeh
Okawaru
Qazlal
Sif Muna
Trog
Uskayaw
Vehumet
Wu Jian
Yredelemnul
Zin
The Shining One

Shops:
D:5 *

Portals:
Abyss: Lair:2

Annotations:
D:2 1 runed translucent door, Crazy Yiuf
D:9 2 transporters, qw's ghost, journeyman SpHu
Lair:2 2 transporters, qw's ghost, journeyman SpHu


Message History

You shoot a bolt. The bolt hits the skyshark!
Lightning courses through the skyshark!
The skyshark is moderately wounded.
You shoot a bolt. The bolt hits the skyshark!!
The skyshark is severely wounded.
The skyshark misses you. The skyshark completely misses you.
The skyshark closely misses you.
You shoot a bolt. The bolt hits the skyshark!
The skyshark is almost dead.
The skyshark completely misses you. The skyshark misses you.
The skyshark tail-slaps you.
You shoot a bolt. The bolt hits the skyshark!!
You kill the skyshark!
Okawaru accepts your kill.
The four-headed hydra completely misses you. x2
You block the four-headed hydra's attack.
The four-headed hydra closely misses you.
The four-headed hydra bites you.
The four-headed hydra completely misses you. x2
The four-headed hydra barely misses you.
You shoot a bolt. The bolt hits the four-headed hydra.
The four-headed hydra is lightly wounded.
The four-headed hydra misses you.
The four-headed hydra completely misses you. x2
The four-headed hydra barely misses you.
You shoot a bolt. The bolt hits the four-headed hydra!!
Lightning courses through the four-headed hydra!!
The four-headed hydra is severely wounded.
The four-headed hydra bites you!
You block the four-headed hydra's attack.
The four-headed hydra bites you. The four-headed hydra bites you!
You shoot a bolt. The bolt hits the four-headed hydra.
The four-headed hydra is severely wounded.
The four-headed hydra completely misses you.
The four-headed hydra bites you! x3
12009 ||| READING scroll of teleportation.
As you read the scroll of teleportation, it crumbles to dust.
You feel strangely unstable. The four-headed hydra bites you!
You die...

....## 77....+........
#...# 77.....##.......
....# 77..7...#P7#7#8#7
....## 7..7.7..#. ###
.#...## 7.777.77#7
7.#...#### 7.7[.77.#
77#.#..#.##+####7.7....7#
7 7#.#...##....D..77.77.#
77#...#..##....'@07.7.7.#
~7##.#....#....#77.77.77#
77 ####...#... #77..77..#
####### #..77.7.7#
###7.7.77..# #
77.7.7.77.77# ####
#7777.7.7777.77 ##.#
#P.7.7.77 7.77 ..##
##.7777.7


777 You could see a four-headed hydra.

Vanquished Creatures
  A minotaur (Gauntlet)
  A ghost crab (Gauntlet)
  3 catoblepae
  Nergalle (Lair:2)
  A skyshark (Lair:3)
  Pikel (D:8)
  2 black mambas (Lair:1)
  A manticore (D:9)
  11 elephants
  7 cane toads
  2 torpor snails
  2 gargoyles (Gauntlet)
  4 komodo dragons
  A tyrant leech (Lair:3)
  A hornet (D:9)
  2 polar bears
  A blink frog (Lair:3)
  Sigmund (D:3)
  A shadow (D:9)
  2 wyverns
  28 yaks
  4 basilisks
  Eustachio (D:5)
  A steam dragon (D:9)
  A warg (D:9)
  3 nagas (Lair:3)
  A swamp worm (Lair:3)
  An acid dragon (D:9)
  4 water moccasins
  An orc warrior (D:8)
  A sky beast (D:7)
  3 centaurs
  5 wolves
  A weeping skull (Ossuary)
  3 kobold brigands
  17 bullfrogs
  A wyvern zombie (D:7)
  A gnoll sergeant (D:8)
  2 scorpions
  18 wights
  10 water moccasin zombies (Ossuary)
  7 killer bees (D:9)
  2 howler monkeys (D:8)
  2 bombardier beetles (D:3)
  A bullfrog zombie (D:7)
  2 centaur zombies (D:7)
  A gnoll bouda (D:5)
  4 orc priests
  3 hounds
  A jelly (D:6)
  A spectral scorpion (Ossuary)
  3 iguanas (D:5)
  8 orc wizards
  Terence (D:2)
  4 killer bee zombies (D:7)
  A crocodile zombie (Ossuary)
  2 mummies (Ossuary)
  8 adders
  18 gnolls
  A white imp (D:8)
  5 adder zombies (Ossuary)
  A dart slug (D:1)
  4 ribbon worms
  28 orcs
  6 endoplasms
  11 gnoll zombies (Ossuary)
  7 goblins
  3 hobgoblins
  8 jackals (D:2)
  17 kobolds
  6 quokkas
  9 ball pythons
  3 bats
  3 frilled lizards (D:1)
  3 jackal zombies (Ossuary)
  2 orc zombies (Ossuary)
  4 rats
343 creatures vanquished.

Vanquished Creatures (others)
  A kobold (D:7)
1 creature vanquished.

Grand Total: 344 creatures vanquished

Notes
Turn   | Place    | Note
-------+----------+-------------------------------------------
     0 | D:1      | qw the Spriggan Hunter began the quest for the Orb.
     0 | D:1      | Reached XP level 1. HP: 10/10 MP: 2/2
     0 | D:1      | 0 ||| qw: Version: 0.3-a-155-g5e7d8dd
     0 | D:1      | 0 ||| qw: Game counter: 462
     0 | D:1      | 0 ||| qw: Melee chars always use a shield: true
     0 | D:1      | 0 ||| qw: God list: Okawaru
     0 | D:1      | 0 ||| qw: Allow faded altars: false
     0 | D:1      | 0 ||| qw: Do Orc after clearing Dungeon:15 true
     0 | D:1      | 0 ||| qw: Do second Lair branch before Depths: true
     0 | D:1      | 0 ||| qw: Lair rune preference: random
     0 | D:1      | 0 ||| qw: Goals: Normal
     0 | D:1      | 0 ||| PLANNING D:1-11
    45 | D:1      | Reached skill level 3 in Dodging
   186 | D:1      | Reached XP level 2. HP: 14/14 MP: 3/3
   257 | D:1      | Reached skill level 4 in Dodging
   726 | D:1      | 726 ||| UPGRADING to amulet of reflection.
   731 | D:1      | 731 ||| READING scroll labelled QIADEU COLIFE.
   734 | D:1      | 734 ||| READING scroll labelled FAAMYU ZOFIOB.
   735 | D:1      | 735 ||| DROPPING scroll of butterflies.
   758 | D:2      | Identified the +1 mace of Linearity {heavy, Will+ Str+7}
   768 | D:2      | Reached XP level 3. HP: 18/18 MP: 4/4
  1004 | D:2      | Reached XP level 4. HP: 22/22 MP: 5/5
  1017 | D:2      | 1017 ||| SWAPPING to +0 arbalest.
  1019 | D:2      | 1019 ||| DROPPING +0 shortbow.
  1052 | D:2      | Found a runed translucent door.
  1053 | D:2      | Noticed Crazy Yiuf
  1248 | D:2      | Found a basalt altar of Yredelemnul.
  1263 | D:2      | Noticed Terence
  1268 | D:2      | Killed Terence
  1317 | D:2      | Reached skill level 5 in Dodging
  1415 | D:2      | 1415 ||| READING 2 scrolls labelled VIDYGU WAANISO.
  1416 | D:2      | 1416 ||| READING scroll labelled VEFEWK VIOTUDYKH.
  1416 | D:2      | 1416 ||| IDENTIFYING fizzy purple potion
  1417 | D:2      | 1417 ||| DROPPING scroll of revelation.
  1538 | D:3      | Found a burning altar of Makhleb.
  1582 | D:3      | Found a shadowy altar of Dithmenos.
  1632 | D:3      | Reached XP level 5. HP: 26/26 MP: 6/6
  1728 | D:3      | Noticed Sigmund
  1729 | D:3      | 1729 ||| DRINKING potion of haste.
  1742 | D:3      | Killed Sigmund
  1743 | D:3      | Reached skill level 6 in Ranged Weapons
  1743 | D:3      | Reached XP level 6. HP: 19/30 MP: 7/7
  1766 | D:3      | 1766 ||| FLEEEEING.
  1779 | D:3      | 1779 ||| FLEEEEING.
  2159 | D:3      | 2159 ||| READING scroll labelled HUIH GIUVVUR.
  2260 | D:3      | 2260 ||| DRINKING 2 fuming puce potions.
  2261 | D:3      | 2261 ||| DROPPING potion of degeneration.
  2296 | D:4      | Found a staircase to the Ecumenical Temple.
  2297 | D:4      | 2297 ||| PLANNING TEMPLE
  2305 | Temple   | Entered the Ecumenical Temple
  2306 | Temple   | 2306 ||| PLANNING OKAWARU WORSHIP
  2310 | Temple   | Became a worshipper of Warmaster Okawaru
  2311 | Temple   | 2311 ||| PLANNING D:1-11
  2355 | D:4      | HP: 7/30 [poisoned by a scorpion]
  2357 | D:4      | Reached skill level 6 in Dodging
  2359 | D:4      | HP: 3/30 [poisoned by a scorpion]
  2737 | D:4      | Found a sparkling altar of Nemelex Xobeh.
  3365 | D:4      | 3365 ||| DROPPING ring of flight.
  3366 | D:4      | 3366 ||| READING 2 scrolls of identify.
  3366 | D:4      | 3366 ||| IDENTIFYING metallic brown potion
  3367 | D:4      | 3367 ||| READING scroll of identify.
  3367 | D:4      | 3367 ||| IDENTIFYING glowing purple potion
  3368 | D:4      | 3368 ||| READING scroll labelled OLUVUK UXEPP.
  3536 | D:4      | 3536 ||| DROPPING potion of ambrosia.
  3537 | D:4      | 3537 ||| DROPPING potion of brilliance.
  3539 | D:5      | Entered Level 5 of the Dungeon
  3540 | D:5      | 3540 ||| STAIRDANCE
  3544 | D:5      | 3544 ||| STAIRDANCE
  3555 | D:5      | 3555 ||| STAIRDANCE
  3686 | D:5      | 3686 ||| RETREEEEATING.
  3688 | D:5      | Reached XP level 7. HP: 35/35 MP: 8/8
  3695 | D:5      | HP: 1/35 [gnoll/+0 whip (8)]
  3712 | D:5      | 3712 ||| FLEEEEING.
  3713 | D:5      | 3713 ||| FLEEEEING.
  3714 | D:5      | 3714 ||| FLEEEEING.
  3716 | D:5      | 3716 ||| FLEEEEING.
  3717 | D:5      | 3717 ||| FLEEEEING.
  3718 | D:5      | 3718 ||| FLEEEEING.
  3719 | D:5      | 3719 ||| FLEEEEING.
  3720 | D:5      | 3720 ||| FLEEEEING.
  3722 | D:5      | 3722 ||| FLEEEEING.
  3723 | D:5      | 3723 ||| FLEEEEING.
  3724 | D:5      | 3724 ||| FLEEEEING.
  3936 | D:5      | Noticed Eustachio
  3946 | D:5      | 3946 ||| RETREEEEATING.
  3947 | D:5      | 3947 ||| RETREEEEATING.
  3949 | D:5      | 3949 ||| FLEEEEING.
  3950 | D:5      | 3950 ||| FLEEEEING.
  3951 | D:5      | 3951 ||| FLEEEEING.
  3953 | D:5      | 3953 ||| FLEEEEING.
  3954 | D:5      | 3954 ||| FLEEEEING.
  3955 | D:5      | 3955 ||| FLEEEEING.
  3956 | D:5      | 3956 ||| STAIRDANCE
  3991 | D:4      | 3991 ||| READING scroll of identify.
  3991 | D:4      | 3991 ||| IDENTIFYING coppery potion
  3992 | D:4      | 3992 ||| READING scroll labelled ANGU ZOJEUTY.
  4162 | D:5      | Found a stormy altar of Qazlal.
  4236 | D:5      | Killed Eustachio
  4236 | D:5      | Reached * piety under Okawaru
  4237 | D:5      | Reached skill level 7 in Dodging
  4305 | D:5      | Found Ruis Pos's Assorted Antiques.
  4311 | D:5      | 4311 ||| BUYING potion of enlightenment (160 gold).
  4311 | D:5      | Bought a potion of enlightenment for 160 gold pieces
  4311 | D:5      | 4311 ||| BUYING scroll labelled KEUREI ONUNYO (32 gold).
  4311 | D:5      | Bought a scroll labelled KEUREI ONUNYO for 32 gold pieces
  4328 | D:5      | 4328 ||| READING scroll labelled KEUREI ONUNYO.
  4328 | D:5      | 4328 ||| ENCHANTING +0 robe.
  4354 | D:6      | 4354 ||| STAIRDANCE
  4372 | D:6      | 4372 ||| STAIRDANCE
  4379 | D:5      | Reached skill level 1 in Invocations
  4379 | D:5      | Reached XP level 8. HP: 28/39 MP: 8/10
  4572 | D:6      | Reached skill level 8 in Dodging
  4715 | D:6      | 4715 ||| READING scroll labelled LYTUEL PANE.
  4716 | D:6      | 4716 ||| DRINKING 2 yellow potions.
  4789 | D:5      | Found an ancient bone altar of Kikubaaqudgha.
  4890 | D:6      | Reached skill level 3 in Invocations
  5039 | D:6      | 5039 ||| READING scroll labelled ZOREDI ALUT.
  5054 | D:7      | 5054 ||| PLANNING OSSUARY
  5082 | D:7      | Reached skill level 3 in Fighting
  5111 | D:7      | Found a white marble altar of Elyvilon.
  5132 | D:7      | 5132 ||| RETREEEEATING.
  5133 | D:7      | 5133 ||| RETREEEEATING.
  5134 | D:7      | 5134 ||| RETREEEEATING.
  5135 | D:7      | 5135 ||| RETREEEEATING.
  5136 | D:7      | 5136 ||| RETREEEEATING.
  5137 | D:7      | 5137 ||| RETREEEEATING.
  5138 | D:7      | 5138 ||| RETREEEEATING.
  5139 | D:7      | 5139 ||| RETREEEEATING.
  5141 | D:7      | 5141 ||| RETREEEEATING.
  5142 | D:7      | 5142 ||| RETREEEEATING.
  5143 | D:7      | 5143 ||| RETREEEEATING.
  5144 | D:7      | 5144 ||| RETREEEEATING.
  5145 | D:7      | 5145 ||| RETREEEEATING.
  5146 | D:7      | 5146 ||| RETREEEEATING.
  5147 | D:7      | 5147 ||| RETREEEEATING.
  5148 | D:7      | 5148 ||| RETREEEEATING.
  5149 | D:7      | 5149 ||| RETREEEEATING.
  5150 | D:7      | 5150 ||| RETREEEEATING.
  5151 | D:7      | 5151 ||| RETREEEEATING.
  5152 | D:7      | 5152 ||| RETREEEEATING.
  5153 | D:7      | 5153 ||| RETREEEEATING.
  5154 | D:7      | 5154 ||| RETREEEEATING.
  5159 | D:7      | 5159 ||| INVOKING Heroism.
  5168 | D:7      | Reached ** piety under Okawaru
  5173 | D:7      | 5173 ||| INVOKING Heroism.
  5174 | D:7      | 5174 ||| RETREEEEATING.
  5175 | D:7      | 5175 ||| RETREEEEATING.
  5177 | D:7      | 5177 ||| RETREEEEATING.
  5178 | D:7      | 5178 ||| RETREEEEATING.
  5179 | D:7      | 5179 ||| RETREEEEATING.
  5180 | D:7      | 5180 ||| RETREEEEATING.
  5181 | D:7      | 5181 ||| RETREEEEATING.
  5186 | D:7      | Reached skill level 9 in Ranged Weapons
  5191 | D:7      | 5191 ||| RETREEEEATING.
  5192 | D:7      | 5192 ||| RETREEEEATING.
  5193 | D:7      | 5193 ||| RETREEEEATING.
  5194 | D:7      | 5194 ||| RETREEEEATING.
  5195 | D:7      | 5195 ||| RETREEEEATING.
  5196 | D:7      | HP: 10/40 [hound (3)]
  5197 | D:7      | 5197 ||| READING 2 scrolls of teleportation.
  5198 | D:7      | 5198 ||| DRINKING 2 potions of heal wounds.
  5199 | D:7      | 5199 ||| RETREEEEATING.
  5214 | D:7      | HP: 10/40 [centaur zombie (2)]
  5215 | D:7      | 5215 ||| READING scroll of teleportation.
  5216 | D:7      | 5216 ||| DRINKING potion of heal wounds.
  5232 | D:7      | Reached XP level 9. HP: 40/44 MP: 13/13
  5237 | D:7      | Reached skill level 9 in Dodging
  5406 | D:7      | Found a sand-covered staircase.
  5407 | D:7      | 5407 ||| READING scroll labelled VIEDASHRY REWIG.
  5407 | D:7      | 5407 ||| ENCHANTING +0 arbalest.
  5408 | D:7      | 5408 ||| DRINKING 2 viscous yellow potions.
  5409 | D:7      | 5409 ||| DROPPING potion of invisibility.
  5418 | Ossuary  | Entered an ossuary
  5445 | Ossuary  | Reached skill level 10 in Dodging
  5566 | Ossuary  | Reached *** piety under Okawaru
  5617 | Ossuary  | 5617 ||| READING scroll labelled VUARIXTEMPO.
  5617 | Ossuary  | Identified a scroll of acquirement
  5617 | Ossuary  | 5617 ||| ACQUIRING +2 hand cannon of electrocution
  5617 | Ossuary  | Acquired a +2 hand cannon of electrocution
  5619 | Ossuary  | 5619 ||| SWAPPING to +2 hand cannon of electrocution.
  5620 | Ossuary  | 5620 ||| DROPPING +1 arbalest.
  5621 | Ossuary  | 5621 ||| DRINKING 2 fuming white potions.
  5622 | Ossuary  | 5622 ||| DRINKING 2 black potions.
  5726 | Ossuary  | 5726 ||| DROPPING potion of berserk rage.
  5732 | D:7      | 5732 ||| PLANNING D:1-11
  6025 | D:7      | 6025 ||| DRINKING 3 grey potions.
  6041 | D:7      | 6041 ||| DROPPING 2 potions of lignification.
  6055 | D:8      | Reached skill level 11 in Dodging
  6055 | D:8      | 6055 ||| STAIRDANCE
  6061 | D:8      | 6061 ||| STAIRDANCE
  6088 | D:8      | 6088 ||| STAIRDANCE
  6357 | D:8      | 6357 ||| RETREEEEATING.
  6458 | D:8      | Reached **** piety under Okawaru
  6471 | D:8      | Reached XP level 10. HP: 43/49 MP: 14/14
  6638 | D:8      | Noticed Pikel
  6638 | D:8      | 6638 ||| INVOKING Finesse.
  6643 | D:8      | Killed Pikel
  6872 | D:8      | 6872 ||| DROPPING ring of wizardry.
  6873 | D:8      | 6873 ||| READING 2 scrolls of identify.
  6873 | D:8      | 6873 ||| IDENTIFYING murky brown potion
  6874 | D:8      | 6874 ||| READING scroll of identify.
  6874 | D:8      | 6874 ||| IDENTIFYING inky potion
  6875 | D:8      | 6875 ||| DROPPING potion of attraction.
  6891 | D:9      | Noticed a manticore
  6892 | D:9      | 6892 ||| INVOKING Finesse.
  6893 | D:9      | 6893 ||| INVOKING Finesse.
  6896 | D:9      | Killed a manticore
  6900 | D:9      | 6900 ||| STAIRDANCE
  7018 | D:9      | 7018 ||| Stepping ~*~*~tactically~*~*~ (cloud).
  7118 | D:9      | 7118 ||| RETREEEEATING.
  7120 | D:9      | 7120 ||| RETREEEEATING.
  7124 | D:9      | 7124 ||| INVOKING Finesse.
  7127 | D:9      | Reached skill level 12 in Dodging
  7265 | D:9      | Found a staircase to the Lair.
  7309 | D:9      | HP: 12/49 [poisoned by a killer bee]
  7314 | D:9      | HP: 7/49 [poisoned by a killer bee]
  7412 | D:9      | Reached skill level 6 in Invocations
  7570 | D:9      | Noticed a two-headed ogre
  7572 | D:9      | Noticed a moth of wrath
  7572 | D:9      | Noticed a two-headed ogre
  7578 | D:9      | Found a transporter.
  7579 | D:9      | Found a bloodstained altar of Trog.
  7589 | D:9      | Noticed qw's ghost (journeyman SpHu)
  7649 | D:9      | Found a transporter.
  7666 | D:9      | Noticed a tengu warrior
  7693 | D:9      | 7693 ||| INVOKING Finesse.
  7697 | D:9      | Reached skill level 12 in Ranged Weapons
  7817 | D:9      | 7817 ||| INVOKING Finesse.
  7818 | D:9      | 7818 ||| INVOKING Finesse.
  7819 | D:9      | Reached ***** piety under Okawaru
  8104 | D:9      | 8104 ||| PLANNING LAIR
  8104 | D:9      | 8104 ||| UPGRADING to +0 steam dragon scales.
  8114 | D:9      | 8114 ||| DROPPING +1 robe.
  8162 | Lair:1   | Entered Level 1 of the Lair of Beasts
  8175 | Lair:1   | Noticed a cane toad
  8176 | Lair:1   | 8176 ||| INVOKING Finesse.
  8179 | Lair:1   | Killed a cane toad
  8180 | Lair:1   | Reached XP level 11. HP: 54/54 MP: 11/17
  8248 | Lair:1   | Reached skill level 1 in Armour
  8385 | Lair:1   | Noticed a catoblepas
  8386 | Lair:1   | 8386 ||| Stepping ~*~*~tactically~*~*~ (cloud).
  8390 | Lair:1   | 8390 ||| INVOKING Finesse.
  8391 | Lair:1   | 8391 ||| INVOKING Finesse.
  8393 | Lair:1   | 8393 ||| Stepping ~*~*~tactically~*~*~ (cloud).
  8407 | Lair:1   | Killed a catoblepas
  8413 | Lair:1   | Received a gift from Okawaru
  8476 | Lair:1   | 8476 ||| RETREEEEATING.
  8477 | Lair:1   | 8477 ||| RETREEEEATING.
  8478 | Lair:1   | 8478 ||| RETREEEEATING.
  8479 | Lair:1   | 8479 ||| RETREEEEATING.
  8480 | Lair:1   | 8480 ||| RETREEEEATING.
  8481 | Lair:1   | 8481 ||| RETREEEEATING.
  8482 | Lair:1   | 8482 ||| RETREEEEATING.
  8483 | Lair:1   | 8483 ||| RETREEEEATING.
  8484 | Lair:1   | 8484 ||| RETREEEEATING.
  8488 | Lair:1   | 8488 ||| RETREEEEATING.
  8490 | Lair:1   | 8490 ||| RETREEEEATING.
  8491 | Lair:1   | 8491 ||| RETREEEEATING.
  8495 | Lair:1   | 8495 ||| INVOKING Finesse.
  8507 | Lair:1   | Reached skill level 13 in Dodging
  8545 | Lair:1   | 8545 ||| READING scroll of enchant weapon.
  8545 | Lair:1   | 8545 ||| ENCHANTING +2 hand cannon of electrocution.
  8819 | Lair:1   | Noticed a catoblepas
  8820 | Lair:1   | 8820 ||| Stepping ~*~*~tactically~*~*~ (cloud).
  8823 | Lair:1   | 8823 ||| INVOKING Finesse.
  8824 | Lair:1   | 8824 ||| INVOKING Finesse.
  8829 | Lair:1   | Killed a catoblepas
  8838 | Lair:1   | Reached skill level 9 in Invocations
  8972 | Lair:1   | 8972 ||| DROPPING amulet of magic regeneration.
  8973 | Lair:1   | 8973 ||| READING scroll of identify.
  8973 | Lair:1   | 8973 ||| IDENTIFYING blue potion
  8974 | Lair:1   | 8974 ||| DRINKING potion of experience.
  8974 | Lair:1   | Reached XP level 12. HP: 60/60 MP: 18/21
  8994 | Lair:2   | 8994 ||| PLANNING GAUNTLET
  8994 | Lair:2   | Found a gate leading to a gauntlet.
  9004 | Gauntlet | Entered a Gauntlet
  9004 | Gauntlet | Found a transporter.
  9004 | Gauntlet | Found a transporter.
  9009 | Gauntlet | Found a transporter.
  9024 | Gauntlet | Found a transporter.
  9041 | Gauntlet | Found a transporter.
  9052 | Gauntlet | Found a transporter.
  9056 | Gauntlet | Noticed a ghost crab
  9140 | Gauntlet | Found a transporter.
  9156 | Gauntlet | Found a transporter.
  9177 | Gauntlet | Found a transporter.
  9186 | Gauntlet | Found a transporter.
  9202 | Gauntlet | Found a transporter.
  9275 | Gauntlet | Found a transporter.
  9285 | Gauntlet | Noticed a catoblepas
  9285 | Gauntlet | Found a transporter.
  9285 | Gauntlet | Found a transporter.
  9295 | Gauntlet | Found a transporter.
  9310 | Gauntlet | Found a transporter.
  9327 | Gauntlet | 9327 ||| RETREEEEATING.
  9328 | Gauntlet | 9328 ||| INVOKING Finesse.
  9414 | Gauntlet | 9414 ||| UPGRADING to ring of protection from cold.
  9432 | Gauntlet | 9432 ||| INVOKING Finesse.
  9444 | Gauntlet | Killed a catoblepas
  9445 | Gauntlet | Reached skill level 14 in Dodging
  9515 | Gauntlet | 9515 ||| DROPPING scarf of invisibility.
  9570 | Gauntlet | 9570 ||| INVOKING Finesse.
  9576 | Gauntlet | Killed a ghost crab
  9629 | Gauntlet | Noticed a minotaur
  9638 | Gauntlet | HP: 15/60 [minotaur/staff of fire (8)]
  9639 | Gauntlet | 9639 ||| DRINKING 5 potions of heal wounds.
  9640 | Gauntlet | Killed a minotaur
  9751 | Gauntlet | Identified the +2 leather armour "Mepsonug" {rC++ Regen+
                  | Int+2}
  9804 | Gauntlet | 9804 ||| READING scroll of identify.
  9804 | Gauntlet | 9804 ||| IDENTIFYING golden potion
  9820 | Lair:2   | 9820 ||| PLANNING LAIR
  9987 | Lair:2   | You fall into a shaft and drop 2 floors!
  9988 | Lair:4   | 9988 ||| RETREEEEATING.
  9989 | Lair:4   | 9989 ||| RETREEEEATING.
  9990 | Lair:4   | 9990 ||| RETREEEEATING.
  9991 | Lair:4   | 9991 ||| RETREEEEATING.
  9992 | Lair:4   | 9992 ||| RETREEEEATING.
  9993 | Lair:4   | 9993 ||| RETREEEEATING.
  9994 | Lair:4   | 9994 ||| RETREEEEATING.
  9995 | Lair:4   | 9995 ||| RETREEEEATING.
  9996 | Lair:4   | 9996 ||| INVOKING Finesse.
  9997 | Lair:4   | 9997 ||| INVOKING Heroism.
 10010 | Lair:4   | Reached XP level 13. HP: 51/65 MP: 15/22
 10016 | Lair:4   | Reached skill level 6 in Fighting
 10237 | Lair:2   | Reached skill level 15 in Dodging
 10303 | Lair:2   | HP: 15/65 [poisoned by a cane toad]
 10304 | Lair:2   | 10304 ||| READING scroll of teleportation.
 10305 | Lair:2   | 10305 ||| DRINKING 4 potions of heal wounds.
 10321 | Lair:2   | Received a gift from Okawaru
 10323 | Lair:2   | Noticed Nergalle
 10328 | Lair:2   | HP: 10/63 [spectral orc knight/+0 dire flail[Nergalle] (6)]
 10329 | Lair:2   | 10329 ||| DRINKING 3 potions of heal wounds.
 10333 | Lair:2   | Killed Nergalle
 10474 | Lair:2   | 10474 ||| RETREEEEATING.
 10475 | Lair:2   | 10475 ||| RETREEEEATING.
 10477 | Lair:2   | 10477 ||| RETREEEEATING.
 10479 | Lair:2   | 10479 ||| RETREEEEATING.
 10490 | Lair:2   | 10490 ||| RETREEEEATING.
 10491 | Lair:2   | 10491 ||| RETREEEEATING.
 10492 | Lair:2   | 10492 ||| RETREEEEATING.
 10493 | Lair:2   | 10493 ||| RETREEEEATING.
 10499 | Lair:2   | 10499 ||| RETREEEEATING.
 10513 | Lair:2   | HP: 13/65 [elephant (12)]
 10514 | Lair:2   | 10514 ||| READING scroll of teleportation.
 10515 | Lair:2   | 10515 ||| DRINKING 2 potions of heal wounds.
 10628 | Lair:2   | 10628 ||| READING scroll of enchant armour.
 10628 | Lair:2   | 10628 ||| ENCHANTING +0 steam dragon scales.
 10641 | Lair:2   | Found a transporter.
 10662 | Lair:2   | Found a transporter.
 10829 | Lair:2   | Found a one-way gate to the infinite horrors of the Abyss.
 10829 | Lair:2   | Noticed qw's ghost (journeyman SpHu)
 10968 | Lair:2   | 10968 ||| READING 2 scrolls of identify.
 10968 | Lair:2   | 10968 ||| IDENTIFYING scroll labelled BEKE UNELUANUY
 10969 | Lair:2   | 10969 ||| DROPPING scroll of noise.
 11072 | Lair:3   | 11072 ||| RETREEEEATING.
 11074 | Lair:3   | 11074 ||| RETREEEEATING.
 11076 | Lair:3   | 11076 ||| RETREEEEATING.
 11078 | Lair:3   | 11078 ||| RETREEEEATING.
 11092 | Lair:3   | Reached skill level 15 in Ranged Weapons
 11246 | Lair:3   | 11246 ||| INVOKING Finesse.
 11247 | Lair:3   | 11247 ||| INVOKING Heroism.
 11322 | Lair:3   | 11322 ||| RETREEEEATING.
 11323 | Lair:3   | 11323 ||| RETREEEEATING.
 11324 | Lair:3   | 11324 ||| RETREEEEATING.
 11325 | Lair:3   | 11325 ||| RETREEEEATING.
 11327 | Lair:3   | 11327 ||| RETREEEEATING.
 11332 | Lair:3   | 11332 ||| RETREEEEATING.
 11397 | Lair:3   | Found a staircase to the Snake Pit.
 11528 | Lair:3   | Found a staircase to the Swamp.
 11707 | Lair:3   | 11707 ||| READING scroll of identify.
 11707 | Lair:3   | 11707 ||| IDENTIFYING scroll labelled GOECVE NOMNA
 11708 | Lair:3   | 11708 ||| DROPPING scroll of torment.
 11929 | Lair:3   | Reached skill level 16 in Dodging
 12008 | Lair:3   | HP: 5/65 [four-headed hydra (13)]
 12009 | Lair:3   | 12009 ||| READING scroll of teleportation.
 12009 | Lair:3   | Slain by a four-headed hydra

Levels and vault maps discovered:
D:1:      sevenhm_arrival_forest_fort_small_3, layout_basic, minmay_bisected
D:2:      layout_rooms, basic_altar, corexii_item_surrounded_by_moat,
          lightli_corner_chamber, uniq_terence, uniq_crazy_yiuf_cottage
D:3:      layout_loops_ring, mainiacjoe_overflow_catch_the_wave,
          grunt_ministairs_3, uniq_sigmund
D:4:      layout_loops_corners, nemelex_xobeh_ov_fountains_minmay,
          lemuel_temple_firewalk_b, roderic_serpentine_path
D:5:      layout_rooms, nicolae_overflow_hidden_temple,
          nicolae_qazlal_eye_of_the_storm, serial_shops, shop, uniq_eustachio
D:6:      layout_cave_pools
D:7:      layout_cave_pools, elyvilon_altar_4, enter_ossuary_1, serial_undead,
          serial_undead_c, serial_undead_d, serial_undead_a, serial_undead_a,
          kennysheep_generic_room_15
D:8:      layout_gridville, uniq_pikel
D:9:      layout_rooms, erik_lair_orcish_takeover, enter_bailey_5,
          gammafunk_ghost_wrathful_warriors, nicolae_figureground_sparkle
Temple:   nicolae_temple_ecumenical_triangle
Lair:1:   layout_gridlike
Lair:2:   layout_long_grid, gauntlet_entry_generic,
          gammafunk_ghost_abyssal_escape, uniq_nergalle
Lair:3:   wad_woods_structure_01, layout_concentric_octagons,
          minmay_swamp_entry_worms, minmay_snake_entry_guardpost_small,
          beast_lair_carwin_4
Lair:4:   layout_gridlike, dreamdust_mushroom_princess, uniq_sonja,
          uniq_josephine

Skill      XL: |  1  2  3  4  5  6  7  8  9 10 11 12 13 |
---------------+----------------------------------------+-----
Dodging        | 3 4 5 6 7 8 11 12 13 14 16 | 16.0
Ranged Weapons | 5 6 7 8 9 10 12 13 14 15 | 15.1
Fighting       | 2 3 4 5 6 |  6.0
Invocations    | 1 4 7 10 | 10.7
Armour         | 1 |  1.2
Stealth        | |  1.5

Action                     |  1- 3 |  4- 6 |  7- 9 | 10-12 | 13-15 || total
---------------------------+-------+-------+-------+-------+-------++-------
   Fire: Shortbow          |    71 |     5 |       |       |       ||    76
         Arbalest          |       |   133 |   284 |       |       ||   417
         Hand cannon       |       |       |    64 |   285 |   192 ||   541
 Invoke: Heroism           |       |       |     2 |     1 |     1 ||     4
         Finesse           |       |       |       |    12 |     1 ||    13
    Use: Scroll            |     2 |     6 |     9 |     5 |     6 ||    28
         Potion            |       |     2 |     7 |     2 |     3 ||    14
 Armour: Robe              |     8 |    12 |    76 |    19 |       ||   115
         Steam dragon scal |       |       |       |    27 |    47 ||    74
  Dodge: Dodged            |    26 |    48 |   316 |   151 |   161 ||   702
  Block: Other             |     3 |    13 |    66 |    31 |    30 ||   143
         Reflection        |       |       |     3 |     2 |       ||     5

Table legend:
 A = Non-vault XP
 B = Vault XP
 C = Vault XP percentage of total XP
 D = Non-vault monster count
 E = Vault monster count
 F = Vault count percentage of total count
                 A         B        C        D         E       F
            +---------+---------+-------+---------+---------+-------
      Total |   24810 |   13321 |  34.9 |     247 |      94 |  27.6
            +---------+---------+-------+---------+---------+-------
        D:1 |      25 |       3 |  10.7 |      15 |       2 |  11.8
        D:2 |      92 |      32 |  25.8 |      24 |       1 |   4.0
        D:3 |     155 |     252 |  61.9 |      14 |       2 |  12.5
        D:4 |     147 |       0 |   0.0 |      15 |       0 |   0.0
        D:5 |     542 |     191 |  26.1 |      22 |       1 |   4.3
        D:6 |     405 |       0 |   0.0 |      15 |       0 |   0.0
        D:7 |    1089 |     709 |  39.4 |      23 |      13 |  36.1
        D:8 |    1355 |     673 |  33.2 |      30 |       1 |   3.2
        D:9 |    3688 |     531 |  12.6 |      28 |      12 |  30.0
     Lair:1 |    6360 |       0 |   0.0 |      19 |       0 |   0.0
     Lair:2 |    4737 |     767 |  13.9 |      20 |       1 |   4.8
     Lair:3 |    2566 |    3764 |  59.5 |      11 |      16 |  59.3
     Lair:4 |    3649 |       0 |   0.0 |      11 |       0 |   0.0
    Ossuary |       0 |    1038 | 100.0 |       0 |      36 | 100.0
   Gauntlet |       0 |    5361 | 100.0 |       0 |       9 | 100.0
            +---------+---------+-------+---------+---------+-------
